AoeStats
← Goop.Nukem

Hideout

509077815Analyzed
1v1 RM · 6d ago on Sep 25, 2026· 29m 27s· 2 players
Game mode
Random Map
Map size
Tiny (2 player)
Population
200
Speed
Normal
Resources
Standard
Victory
Conquest
Starting age
Dark Age
Ending age
Imperial Age
RankedLock teamsTeams togetherTeam positionsShared explorationLock speedFull tech treeHidden civsTurbo modeCheats
Victory
Defeat
🇳🇿 Danes · New Zealand
723
+17
🇧🇪 Celts · Belgium
739
-17
Goop.Nukem
5:13 Loom
14:33 Feudal Age
19:25 Castle Age
17:55 Man-at-Arms
19:14 Arson
20:18 Gambesons
20:25 Horse Collar
20:32 Double-Bit Axe
20:52 Scale Mail Armor
20:55 Padded Archer Armor
20:51 Fletching
Mathias
6:56 Loom
9:18 Feudal Age
9:44 Double-Bit Axe
19:57 Castle Age
17:53 Gold Mining
18:07 Horse Collar
18:46 Stone Mining
21:06 Heavy Plow
21:22 Bow Saw
21:03 Pikeman
Connection lost

Rejoining the realm…

Still unreachable

The connection could not be restored.

Session expired

The server has moved on; the page needs a fresh start.